 Dungeon Crawl Stone Soup version 0.18-a0-1655-ge2d8d33 (webtiles) character file.

10311 Eucla the Fighter (level 11, -1/88 (90) HPs)
             Began as a Demonspawn Monk on Mar 30, 2016.
             Was a High Priest of Okawaru.
             Slain by a gargoyle
             ... wielding a +0 mace
              (4 damage)
             ... on level 10 of the Dungeon.
             The game lasted 00:25:14 (10920 turns).

Eucla the Fighter (Demonspawn Monk)                Turns: 10920, Time: 00:25:15

HP:   -1/88 (90)    AC: 20    Str: 17    XL:     11   Next: 34%
MP:   11/11         EV:  8    Int: 16    God:    Okawaru [*****.]
Gold: 211           SH:  0    Dex: 18    Spells: 0 memorised, 10 levels left

rFire  . . .     SeeInvis .     y - +10 great sword of Popisiaz {slice, Int+4}
rCold  + + .     Gourm    .     D - +1 plate armour of the Orcish Mines {Regen+} (curse)
rNeg   . . .     Faith    .     (shield currently unavailable)
rPois  .         Spirit   .     s - +0 helmet
rElec  .         Dismiss  .     (no cloak)
rCorr  .         Reflect  .     B - +0 pair of gloves
SustAt .         Harm     .     (boots unavailable)
MR     .....     Rnd*Rage +     j - amulet of rage
Stlth  ..........               z - +3 ring of strength
                                I - ring of loudness

@: exhausted, slowed, very slow, not resistant to hostile enchantments,
extremely unstealthy
A: hooves 3, icy blue scales 2, agile 1, berserk 1, cold resistance 2,
nightstalker 2, subdued magic 1
a: Heroism, Finesse, Renounce Religion, Evoke Berserk Rage


You were on level 10 of the Dungeon.
You worshipped Okawaru.
Okawaru was extremely pleased with you.
You were not hungry.

You visited 2 branches of the dungeon, and saw 11 of its levels.
You also visited: Ossuary.

You collected 758 gold pieces.
You spent 547 gold pieces at shops.

Inventory:

Hand Weapons
 y - the +10 great sword of Popisiaz (weapon) {slice, Int+4}
   (Okawaru gifted it to you on level 10 of the Dungeon)

   It inflicts extra damage upon your enemies.
   It affects your intelligence (+4).
Armour
 e - a +0 pearl dragon armour
 o - a +2 chain mail of cold resistance
 r - a +0 pair of boots
 s - a +0 helmet (worn)
 B - a +0 pair of gloves (worn)
 D - the cursed +1 plate armour of the Orcish Mines (worn) {Regen+}
   (You found it on level 10 of the Dungeon)

   It increases your rate of regeneration.
   It has a curse placed upon it.
Jewellery
 j - an amulet of rage (around neck)
 t - an uncursed ring of sustain attributes
 z - a +3 ring of strength (right hand)
 I - a ring of loudness (left hand)
Wands
 c - a wand of random effects (48/48)
Scrolls
 g - 4 scrolls of remove curse
 i - a scroll of recharging
 l - 3 scrolls of identify
 v - 5 scrolls of enchant armour
 x - 2 scrolls of blinking {unknown}
 C - 3 scrolls of fog
 E - 2 scrolls of vulnerability {unknown}
 H - 3 scrolls of fear
Potions
 a - a potion of haste
 d - a potion of berserk rage
 f - 2 potions of agility {unknown}
 h - a potion of brilliance {unknown}
 k - 6 potions of curing
 n - 2 potions of heal wounds
 p - a potion of degeneration
 q - 3 potions of flight
 u - 3 potions of mutation {unknown}
 w - a potion of invisibility {unknown}
 A - 2 potions of lignification
 F - 2 potions of cure mutation {unknown}
 G - 2 potions of might
 J - a potion of cancellation {unknown}
Comestibles
 b - 12 bread rations
 m - 3 meat rations


   Skills:
 + Level 9.8 Fighting
 + Level 1.9 Long Blades
 + Level 8.7 Armour
 + Level 7.4 Dodging
 - Level 1.7 Stealth
 - Level 9.2 Unarmed Combat


You had 10 spell levels left.
You didn't know any spells.

Dungeon Overview and Level Annotations

Branches:
Dungeon (10/15)            Temple (1/1) D:6            Lair (0/8) D:10
    Orc: D:9-12

Altars:
Ashenzari
Cheibriados
Dithmenos
Elyvilon
Fedhas
Gozag
Kikubaaqudgha
Makhleb
Nemelex Xobeh
Okawaru
Pakellas
Qazlal
Ru
Sif Muna
Trog
Vehumet
Xom
Yredelemnul
Zin
The Shining One

Shops:
D:4 =   D:6 (   D:9 }!%*


Innate Abilities, Weirdness & Mutations

You have hooves in place of feet.
You are mostly covered in icy blue scales (AC +3, EV -1).
Your flesh is very cold resistant.
You are significantly more attuned to the shadows.
You are agile. (Dex +2)
You tend to lose your temper in combat.
Your spells are a little easier to cast, but a little less powerful.


Message History

There is an open door, spattered with blood here.
Items here: (( )) † a runed arbalest; 12 bolts; an uncursed shortbow; 9 arrows of frost a centaur corpse You see here an arrow of frost.
You are too hungry to fight recklessly!
Unknown command.
Okay, then.
Eat which item? (? for menu, Esc to quit)
The gargoyle hurls a stone arrow at you.
The stone arrow hits you!
You continue eating.
The gargoyle hurls a stone arrow at you.
The stone arrow hits you!
* * * LOW HITPOINT WARNING * * *
The gargoyle hits you with a mace!
* * * LOW HITPOINT WARNING * * *
You continue eating.
The gargoyle hits you with a mace.
You die...

#######.......#
#########.#.## ##.....##
#.#..( ##...## #.#.##
##### ######## ######
#....... .... #.......
.... #.)###############.
#######.............# #..
#.....#.@...........# #..
#.#####9##########..##...
#.# #9..... #..#...
####### #.# #).....
#......# ......# #)#
#..#### ##....### #####.#
#.# #..# #..####..
#.###.### #..# #'##.....
#.#.....###..# ##........
#.#.......#..# #.........


You could see 2 gargoyles.

Vanquished Creatures
  The ghost of Lewman the Slicer, a journeyman MfBe of Trog (D:9)
  A hill giant (D:10)
  Pikel (D:7)
  An elephant (D:10)
  A gargoyle (D:10)
  A yaktaur (D:10)
  4 trolls
  A merfolk (D:10)
  Grinder (D:6)
  Sigmund (D:6)
  A hippogriff (D:8)
  A steam dragon (D:9)
  A hungry ghost (D:10)
  A mottled dragon (D:10)
  A water moccasin (D:9)
  2 black bears
  3 phantoms
  4 sky beasts
  5 orc warriors
  5 ice beasts
  A necrophage (D:10)
  A wasp (D:7)
  3 ogres
  5 centaurs
  4 crocodiles
  A big kobold (D:9)
  6 giant frogs
  6 scorpions
  6 jellies
  A giant frog zombie (D:8)
  5 crimson imps
  A human zombie (Ossuary)
  A quasit (D:8)
  7 hounds
  A centaur zombie (D:8)
  2 giant frog skeletons
  8 orc priests
  2 centaur skeletons
  2 iguanas
  7 orc wizards
  5 worker ants
  3 big kobold zombies (Ossuary)
  4 mummies (Ossuary)
  A howler monkey zombie (D:5)
  Robin (D:2)
  13 adders
  3 shadow imps
  3 oozes
  2 adder zombies
  An adder skeleton (D:4)
  2 worms
  3 dart slugs
  11 giant geckos
  33 orcs
  4 ball pythons
  8 giant cockroaches
  2 gnoll zombies (D:6)
  10 hobgoblins
  5 jackals
  10 quokkas
  13 bats
  A giant gecko zombie (D:9)
  6 giant newts
  17 goblins
  2 goblin zombies (Ossuary)
  A hobgoblin zombie (Ossuary)
  2 jackal zombies (Ossuary)
  12 kobolds
  A kobold zombie (Ossuary)
  An orc zombie (Ossuary)
  A quokka skeleton (D:6)
  6 rats
294 creatures vanquished.

Notes
Turn   | Place    | Note
--------------------------------------------------------------
     0 | D:1      | Eucla the Demonspawn Monk began the quest for the Orb.
     0 | D:1      | Reached XP level 1. HP: 18/18 MP: 1/1
   385 | D:1      | Gained mutation: You have large cloven feet. [demonic ancestry]
   385 | D:1      | Reached XP level 2. HP: 21/24 MP: 2/2
  1056 | D:1      | Gained mutation: You are partially covered in icy blue scales (AC +1). [demonic ancestry]
  1056 | D:1      | Reached XP level 3. HP: 29/29 MP: 3/3
  1100 | D:1      | You fall through a shaft!
  1137 | D:2      | Noticed Robin
  1809 | D:2      | Found an ancient bone altar of Kikubaaqudgha.
  1924 | D:2      | Reached skill level 5 in Unarmed Combat
  1999 | D:2      | Found a burning altar of Makhleb.
  2045 | D:2      | Gained mutation: Your flesh is cold resistant. [demonic ancestry]
  2045 | D:2      | Reached XP level 4. HP: 30/35 MP: 4/4
  2079 | D:2      | Killed Robin
  2317 | D:2      | Found a deep blue altar of Sif Muna.
  2485 | D:3      | Found a sparkling altar of Nemelex Xobeh.
  2758 | D:3      | Gained mutation: You are slightly more attuned to the shadows. [demonic ancestry]
  2758 | D:3      | Reached XP level 5. HP: 23/41 MP: 5/5
  3022 | D:3      | Noticed a black bear
  3339 | D:3      | Killed a black bear
  3497 | D:3      | Gained mutation: You are mostly covered in icy blue scales (AC +3, EV -1). [demonic ancestry]
  3497 | D:3      | Reached XP level 6. HP: 47/47 MP: 6/6
  3812 | D:4      | Found Lovixev's Jewellery Shoppe.
  3932 | D:4      | Found an opulent altar of Gozag.
  4104 | D:4      | Found a shattered altar of Ashenzari.
  4112 | D:4      | Reached skill level 1 in Armour
  4225 | D:4      | Gained mutation: You have hoof-like feet. [demonic ancestry]
  4225 | D:4      | Reached XP level 7. HP: 29/52 MP: 7/7
  4404 | D:5      | Entered Level 5 of the Dungeon
  4537 | D:5      | Found a shattered altar of Ashenzari.
  4774 | D:5      | Found a bloodstained altar of Trog.
  4942 | D:5      | Got a vibrating amethyst amulet
  4944 | D:5      | Identified the amulet "Nopucs" {Inacc +Fly rElec rN+ Str+5} (You found it on level 5 of the Dungeon)
  5054 | D:6      | Found a sand-covered staircase.
  5110 | Ossuary  | Entered an ossuary
  5424 | D:6      | Reached XP level 8. HP: 48/61 MP: 8/8
  5439 | D:6      | Noticed Sigmund
  5515 | D:6      | Killed Sigmund
  5564 | D:6      | Reached skill level 5 in Fighting
  5830 | D:6      | Found a sparkling altar of Nemelex Xobeh.
  5952 | D:6      | Found Foujel's Antique Weapon Shop.
  6043 | D:6      | Found a staircase to the Ecumenical Temple.
  6087 | Temple   | Entered the Ecumenical Temple
  6164 | Temple   | Became a worshipper of Warmaster Okawaru
  6164 | Temple   | Reached * piety under Okawaru
  6164 | Temple   | Reached ** piety under Okawaru
  6195 | D:6      | Noticed Grinder
  6204 | D:6      | Killed Grinder
  6331 | D:6      | Found a basalt altar of Yredelemnul.
  6640 | D:7      | Reached XP level 9. HP: 55/69 MP: 9/9
  6895 | D:7      | Reached skill level 5 in Armour
  7290 | D:7      | Noticed Pikel
  7297 | D:7      | Killed Pikel
  7297 | D:7      | Reached *** piety under Okawaru
  7902 | D:8      | Found a glowing golden altar of the Shining One.
  8313 | D:8      | Gained mutation: You have hooves in place of feet. [demonic ancestry]
  8313 | D:8      | Reached XP level 10. HP: 43/80 MP: 10/10
  8691 | D:9      | Reached skill level 5 in Dodging
  8984 | D:9      | Found a blossoming altar of Fedhas.
  9081 | D:9      | Reached **** piety under Okawaru
  9092 | D:9      | Found a snail-covered altar of Cheibriados.
  9104 | D:9      | Noticed Lewman's ghost (journeyman MfBe)
  9124 | D:9      | Killed Lewman's ghost
  9153 | D:9      | Found Ecwoebuw's Assorted Antiques.
  9169 | D:9      | Bought a fizzy white potion for 22 gold pieces
  9169 | D:9      | Bought a crystal spear for 200 gold pieces
  9169 | D:9      | Bought a scroll of fear for 87 gold pieces
  9169 | D:9      | Identified the cursed +3 spear "Tormentor" {elec, Int+3} (You bought it in a shop on level 9 of the Dungeon)
  9189 | D:9      | Found Gagrifits's Distillery.
  9217 | D:9      | Bought a potion of flight for 51 gold pieces
  9217 | D:9      | Bought a potion of haste for 170 gold pieces
  9217 | D:9      | Bought a potion of degeneration for 17 gold pieces
  9224 | D:9      | Found a radiant altar of Vehumet.
  9225 | D:9      | Found a burning altar of Makhleb.
  9327 | D:9      | Found Ribohas's Food Emporium.
  9794 | D:9      | Found Tiar's Gadget Shop.
  9856 | D:9      | Gained mutation: You tend to lose your temper in combat. [mutagenic meat]
  9857 | D:9      | Gained mutation: You evolve. [mutagenic meat]
  9858 | D:9      | Gained mutation: Your spells are a little easier to cast, but a little less powerful. [mutagenic meat]
  9859 | D:9      | Gained mutation: You are agile. (Dex +2) [mutagenic meat]
  9860 | D:9      | Lost mutation: You evolve. [mutagenic meat]
  9861 | D:9      | Gained mutation: Your flesh is very cold resistant. [mutagenic meat]
  9925 | D:10     | Entered Level 10 of the Dungeon
  9998 | D:10     | Received a gift from Okawaru
 10156 | D:10     | Noticed a gargoyle
 10169 | D:10     | Killed a gargoyle
 10179 | D:10     | Reached ***** piety under Okawaru
 10284 | D:10     | Found a staircase to the Lair.
 10297 | D:10     | Noticed an elephant
 10314 | D:10     | Killed an elephant
 10314 | D:10     | Gained mutation: You are significantly more attuned to the shadows. [demonic ancestry]
 10314 | D:10     | Reached XP level 11. HP: 89/89 MP: 8/11
 10425 | D:10     | Received a gift from Okawaru
 10428 | D:10     | Got a dazzling great sword {god gift}
 10429 | D:10     | Identified the +10 great sword of Popisiaz {slice, Int+4} (Okawaru gifted it to you on level 10 of the Dungeon)
 10756 | D:10     | Noticed a hill giant
 10763 | D:10     | Killed a hill giant
 10763 | D:10     | Reached skill level 1 in Long Blades
 10872 | D:10     | Got a transparent plate armour
 10883 | D:10     | Identified the cursed +1 plate armour of the Orcish Mines {Regen+} (You found it on level 10 of the Dungeon)
 10919 | D:10     | HP: 2/88 [gargoyle/mace (9)]
 10920 | D:10     | Slain by a gargoyle

Vault maps used:
D:1:      minmay_arrival_three_doors, feat_on_display
D:2:      lemuel_crystal_altar, lemuel_coloured_pillars_altar, bloody_makhleb,
          uniq_robin
D:3:      nemelex_dance_club_becter
D:4:      old_standard_altar, nicolae_gozag_seed_capital, serial_shops,
          nicolae_shop_crystal, first_bread
D:5:      kennysheep_mini, serial_glass, glass_columns_a, glass_columns_a,
          minmay_misc_feat_plants, st_stairs_10, cheibrodos_ashenzari_chains
D:6:      lemuel_round_altar, lemuel_zombie_altar_yredelemnul, temple_fountains,
          serial_shops, kennysheep_mini_moat,
          nicolae_ossuary_entry_false_entrances, uniq_grinder, uniq_sigmund
D:7:      uniq_pikel
D:8:      lemuel_doored_altar
D:9:      grunt_temple_overflow_lords_of_destruction, lemuel_crystal_altar,
          lemuel_round_altar, serial_shops, shop, shop, shop, shop_fountains
D:10:     minmay_quarter_circles, david_lair_generic, hangedman_fish_farm
Temple:   minmay_temple_bridge_a_8
Ossuary:  ossuary_minmay_tomb_2a

Skill      XL: |  1  2  3  4  5  6  7  8  9 10 11 |
---------------+----------------------------------+-----
Unarmed Combat | 4 5 6 7 8 9 |  9.2
Armour         | 1 2 4 6 8 |  8.7
Fighting       | 4 5 7 9 |  9.8
Dodging        | 4 7 |  7.4
Long Blades    | 1 |  1.9
Stealth        | |  1.7

Action                   |  1- 3 |  4- 6 |  7- 9 | 10-12 || total
-------------------------+-------+-------+-------+-------++-------
Melee: Unarmed           |   133 |   196 |   482 |   218 ||  1029
       Dagger            |       |    12 |       |       ||    12
       Spear             |       |       |       |     9 ||     9
       Great sword       |       |       |       |    73 ||    73
Invok: Heroism           |       |       |     2 |     5 ||     7
 Abil: Evoke Berserk Rag |     2 |     7 |     7 |     6 ||    22
  Use: Scroll            |       |    10 |     5 |     2 ||    17
       Potion            |       |       |     2 |       ||     2
 Stab: Sleeping          |     1 |     4 |     1 |       ||     6
       Distracted        |       |     3 |       |       ||     3
  Eat: Chunk             |     5 |    11 |     7 |    11 ||    34
       Pizza             |       |     1 |       |       ||     1
       Meat ration       |       |       |     2 |     3 ||     5
       Beef jerky        |       |       |     1 |       ||     1
       Royal jelly       |       |       |       |     1 ||     1
